 Dungeon Crawl Stone Soup version 0.26-a0-639-g72c4674329 (webtiles) character file.

Game seed: 706412753993418511

25 MrRokkomies the Sneak (level 2, 0/26 HPs)
             Began as a Demigod Delver on Sept 16, 2020.
             Slain by a big kobold
             ... wielding a +0 dagger
              (7 damage)
             ... in a sewer.
             The game lasted 00:01:05 (385 turns).

MrRokkomies the Sneak (Demigod Delver)               Turns: 385, Time: 00:01:05

Health: 0/26       AC:  3    Str: 15    XL:     2   Next: 63%
Magic:  4/4        EV: 12    Int: 14    God:
Gold:   34         SH:  0    Dex: 17    Spells: 1/1 levels left

rFire    . . .     SeeInvis .   a - +0 falchion
rCold    . . .     Faith    .   (no shield)
rNeg     . . .     Spirit   .   b - +0 leather armour
rPois    .         Reflect  .   (no helmet)
rElec    .         Harm     .   (no cloak)
rCorr    .         Rampage  .   (no gloves)
MR       .....                  (no boots)
Stlth    +++.......             (no amulet)
HPRegen  0.08/turn              (no ring)
MPRegen  0.09/turn              (no ring)

@: no status effects
A: high mp 1
a: no special abilities


You were in a sewer.
You visited 1 branch of the dungeon, and saw 3 of its levels.
You also visited: Sewer.

You collected 34 gold pieces.

Inventory:

Hand Weapons
 a - a +0 falchion (weapon)
Armour
 b - a +0 leather armour (worn)
Wands
 g - a wand of digging (3)
Scrolls
 c - a scroll of fog
 d - a scroll of remove curse {unknown}
 e - a scroll of fear
 i - 3 scrolls of teleportation {unknown}
Potions
 f - a potion of haste
 h - a potion of brilliance {unknown}
 j - a potion of curing {unknown}


   Skills:
 * Level 3.1 Fighting
 * Level 2.3 Long Blades
 + Level 2.1 Dodging
 - Level 4.5 Stealth


You had one spell level left.
You didn't know any spells.
Your spell library was empty.

Dungeon Overview and Level Annotations

Branches:
Dungeon (5/15)              Sewer (1/1)
 Temple: D:4-7


Innate Abilities, Weirdness & Mutations

You have an increased reservoir of magic. (+10% MP)


Message History

The kobold hits you but does no damage. The kobold closely misses you.
You riposte.
You barely miss the kobold.
The big kobold hits you with a +0 dagger.
You are too injured to fight recklessly!
You are too injured to fight recklessly!
You closely miss the kobold. The kobold barely misses you.
You hit the big kobold.
The big kobold is heavily wounded.
You hit the big kobold but do no damage.
The big kobold is heavily wounded.
The big kobold hits you with a +0 dagger.
You hit the big kobold.
The big kobold is heavily wounded.
You barely miss the kobold.
The big kobold hits you but does no damage.
The kobold hits you with a +0 whip.
* * * LOW HITPOINT WARNING * * *
You closely miss the kobold.
The big kobold hits you with a +0 dagger!
You die...

### .\# ##### ######†..##
####
####...†..###..###### ##≈
##...............#..#.!#≈
................K#.....#≈
................@KK...#
.................#.....#≈
.........≈≈≈≈≈≈≈≈#..#.!#≈
......≈≈≈≈≈≈≈≈≈≈≈#### ##≈
...≈≈≈≈≈≈≈≈≈≈≈≈≈≈#
≈≈≈≈≈≈≈≈≈≈≈≈≈≈≈≈≈≈
≈≈≈≈≈≈≈≈≈≈≈≈≈≈≈≈≈#
≈≈≈≈≈≈≈≈≈


You could see a big kobold and 2 kobolds.

Vanquished Creatures
  A river rat (D:3)
  An adder skeleton (D:5)
  A leopard gecko (D:3)
  2 orcs (D:3)
  2 hobgoblins (D:3)
  5 rats
12 creatures vanquished.

Notes
Turn   | Place    | Note
-------+----------+-------------------------------------------
     0 | D:5      | MrRokkomies the Demigod Delver began the quest for the Orb.
     0 | D:5      | Reached XP level 1. HP: 18/18 MP: 3/3
   210 | D:3      | Reached XP level 2. HP: 24/26 MP: 4/4
   278 | D:3      | Found a glowing drain.
   282 | Sewer    | Entered a sewer
   373 | Sewer    | Noticed a big kobold
   385 | Sewer    | Slain by a big kobold

Illustrated notes

Levels and vault maps discovered:
D:3:      layout_rooms, lemuel_round_altar, dancing_weapons_uskayaw,
          gup_sewer_entry_bowl, gammafunk_ghost_icy, uniq_terence, uniq_sigmund
D:4:      layout_basic, demons_altar, minmay_hedge_maze,
          hangedman_abyss_or_decor_slice
D:5:      layout_basic, minmay_temple_entry_waves, minmay_quadrilaterals,
          uniq_duvessa
Sewer:    sewer_minmay_treatment

Skill      XL: |  1 |
---------------+----+-----
Long Blades    | 2 |  2.3
Fighting       | 3 |  3.1
Dodging        | 2 |  2.1
Stealth        | |  4.5

Action                   || total
-------------------------++-------
Melee: Falchion          ||    48
  Use: Scroll            ||     1
 Stab: Sleeping          ||     4
Armor: Leather armour    ||    10
Dodge: Dodged            ||    27
       Rpst.: Falchion   ||    10

Table legend: (Time is in decaauts)
 A = Elapsed time spent in this place.
 B = Non-inter-level travel time spent in this place.
 C = Inter-level travel time spent in this place.
 D = Time resting spent in this place.
 E = Time spent auto-exploring this place.
 F = Levels seen in this place.
 G = Mean time per level.
                   A        B        C        D        E       F      G
               +--------+--------+--------+--------+--------+-----+--------+
         Total |    397 |    366 |     31 |      0 |    241 |   4 |   99.2 |
       Dungeon |    291 |    260 |     31 |      0 |    166 |   3 |   97.0 |
         Sewer |    105 |    105 |      0 |      0 |     75 |   1 |  105.0 |
               +--------+--------+--------+--------+--------+-----+--------+

Top non-repeatable levels by time:
     D:3: 164 daAuts
   Sewer: 105 daAuts
     D:5: 90 daAuts
     D:4: 36 daAuts
